 Dungeon Crawl Stone Soup version 0.25-a0-785-gb22c70e859 (webtiles) character file.

Game seed: 7343326746684653669, levelgen mode: deterministic

626 tilp the Bolt Thrower (level 7, -13/41 HPs)
             Began as a Kobold Arcane Marksman on Apr 17, 2020.
             Was an Initiate of Okawaru.
             Mangled by an ogre
             ... wielding a +0 giant spiked club
              (25 damage)
             ... on level 5 of the Dungeon.
             The game lasted 00:09:44 (5559 turns).

tilp the Bolt Thrower (Kobold Arcane Marksman)      Turns: 5559, Time: 00:09:44

Health: -13/41     AC:  7    Str:  8    XL:     7   Next: 76%
Magic:  8/8        EV: 14    Int: 15    God:    Okawaru [......]
Gold:   115        SH:  7    Dex: 16    Spells: 3/8 levels left

rFire    . . .     SeeInvis .   a - +0 hand crossbow
rCold    . . .     Gourm    .   p - +1 buckler {AC+3}
rNeg     . . .     Faith    .   u - +0 leather armour
rPois    .         Spirit   .   j - +0 helmet
rElec    .         Reflect  .   (no cloak)
rCorr    .         Harm     .   (no gloves)
MR       .....                  (no boots)
Stlth    +.........             (no amulet)
HPRegen  0.13/turn              (no ring)
MPRegen  0.11/turn              (no ring)

@: no status effects
A: small, carnivore
a: Renounce Religion


You were on level 5 of the Dungeon.
You worshipped Okawaru.
Okawaru was noncommittal.
You were full.

You visited 2 branches of the dungeon, and saw 6 of its levels.

You collected 259 gold pieces.
You spent 144 gold pieces at shops.

Inventory:

Hand Weapons
 a - a +0 hand crossbow (weapon)
 b - a +0 war axe
 y - a +0 shortbow
 z - the +7 hand axe of Urizetec {pain, +Inv rF+ Str+2, unknown}
   (You found it on level 5 of the Dungeon)

   In the hands of one skilled in necromantic magic, it inflicts extra damage on
   living creatures.
   It affects your strength (+2).
   It protects you from fire.
   It lets you turn invisible.
Missiles
 d - 69 bolts (quivered)
 e - 4 boomerangs
 m - 47 arrows
 r - a throwing net
 s - 8 boomerangs of dispersal
 t - 19 poisoned darts
Armour
 j - a +0 helmet (worn)
 p - a +1 buckler of protection (worn)
 u - a +0 leather armour (worn)
Jewellery
 x - an uncursed ring of magical power {unknown}
Scrolls
 k - a scroll of teleportation
 n - a scroll of remove curse {unknown}
 o - a scroll of enchant weapon {unknown}
 q - a scroll of immolation
 v - a scroll of noise {unknown}
 B - a scroll of identify {unknown}
Potions
 f - a potion of might {unknown}
 g - 3 potions of heal wounds
 h - a potion of berserk rage {unknown}
 i - a potion of resistance {unknown}
 l - 4 potions of flight {unknown}
 w - 4 potions of curing
 A - a potion of lignification
Comestibles
 c - 11 rations


   Skills:
 + Level 3.6 Fighting
 - Level 6.2 Crossbows
 - Level 2.4 Dodging
 - Level 4.1 Shields
 - Level 1.1 Spellcasting
 - Level 3.0 Hexes


You had 3 spell levels left.
You knew the following spells:

 Your Spells              Type           Power        Failure   Level  Hunger
a - Corona                Hex            #......      12%         1    ##.....
b - Slow                  Hex            #.......     19%         2    ###....
c - Sticks to Snakes      Tmut           #.......     52%         2    ###....

Your spell library contained the following spells:

 Spells                   Type           Power        Failure   Level  Hunger
 Beastly Appendage        Tmut           #.....       38%         1    ##.....
 Inner Flame              Hex/Fire       #.......     54%         3    ####...
 Portal Projectile        Hex/Tloc       #.....       54%         3    ####...
 Spider Form              Tmut/Pois      #.........   77%         3    ####...
 Cause Fear               Hex            #.........   75%         4    #####..
 Leda's Liquefaction      Hex/Erth       #.........   91%         4    #####..
 Ice Form                 Ice/Tmut       #.......     99%         4    #####..
 Blade Hands              Tmut           #.........   100%        5    ######.


Dungeon Overview and Level Annotations

Branches:
Dungeon (5/15)             Temple (1/1) D:5

Altars:
Ashenzari
Elyvilon
Makhleb
Nemelex Xobeh
Okawaru
Ru
Sif Muna
Vehumet
Wu Jian
Yredelemnul
The Shining One

Shops:
D:4 !


Innate Abilities, Weirdness & Mutations

You are small and have problems with some larger weapons.
You are carnivorous and can eat meat at any time.


Message History

You shoot a bolt. The bolt hits the ogre!
The ogre is almost dead.
The ogre hits you with a +0 giant spiked club!!
Ouch! That really hurt!
* * * LOW HITPOINT WARNING * * *
You are too injured to fight recklessly!
Firing (i - inventory. (/) - cycle)
d - 71 bolts (quivered)
Press: ? - help, Shift-Dir - straight line, f/p - ogre
Aim: an ogre, wielding a +0 giant spiked club (almost dead)
You shoot a bolt. The bolt hits the ogre.
The ogre is almost dead.
The ogre completely misses you.
Firing (i - inventory. (/) - cycle)
d - 70 bolts (quivered)
Press: ? - help, Shift-Dir - straight line, f/p - ogre
Aim: an ogre, wielding a +0 giant spiked club (almost dead)
You shoot a bolt. The bolt hits the ogre.
The ogre is almost dead.
The ogre hits you with a +0 giant spiked club!!
Ouch! That really hurt!
You die...

# .#..#..## .#
..
...>#...##.###.
##
............(.
.............
..........(#
.........(.
#.....O#
#....@.#
##.###.#
#.###.# #.#...#
. ##.#.#.#
...##....#.#
#......#....#
##..##....###
#>......#.#


You could see an ogre.

Vanquished Creatures
  Eustachio (D:4)
  An ogre (D:4)
  A centaur (D:4)
  A centaur skeleton (D:4)
  An orc wizard (D:3)
  2 hounds
  5 worker ants
  A howler monkey skeleton (D:5)
  3 adders
  2 oozes
  A worm (D:2)
  5 orcs
  5 bats
  2 giant cockroaches (D:3)
  3 goblins
  5 hobgoblins
  2 quokkas (D:3)
  2 ball pythons
  3 frilled lizards
  4 kobolds
  4 rats
54 creatures vanquished.

Notes
Turn   | Place    | Note
-------+----------+-------------------------------------------
     0 | D:1      | tilp the Kobold Arcane Marksman began the quest for the
                  | Orb.
     0 | D:1      | Reached XP level 1. HP: 12/12 MP: 2/2
   141 | D:1      | Reached skill level 3 in Crossbows
   141 | D:1      | Reached XP level 2. HP: 15/16 MP: 3/3
   172 | D:1      | Learned a level 2 spell: Slow
   757 | D:2      | Reached XP level 3. HP: 20/20 MP: 4/4
   839 | D:2      | Reached skill level 4 in Crossbows
  1061 | D:2      | Reached skill level 1 in Shields
  1061 | D:2      | Reached XP level 4. HP: 20/25 MP: 3/5
  1243 | D:3      | Found a radiant altar of Vehumet.
  1259 | D:3      | Found a shimmering blue altar of Sif Muna.
  1449 | D:3      | Reached skill level 5 in Crossbows
  1449 | D:3      | Reached XP level 5. HP: 13/29 MP: 1/6
  2986 | D:4      | Reached XP level 6. HP: 27/34 MP: 5/7
  3073 | D:4      | Noticed an ogre
  3082 | D:4      | Killed an ogre
  3082 | D:4      | Reached skill level 6 in Crossbows
  3578 | D:4      | Reached XP level 7. HP: 19/38 MP: 8/8
  3956 | D:4      | Found Zulaut's Distillery.
  3964 | D:4      | Bought a potion of curing for 36 gold pieces
  3964 | D:4      | Bought a potion of degeneration for 12 gold pieces
  3964 | D:4      | Bought a potion of heal wounds for 60 gold pieces
  3964 | D:4      | Bought a potion of lignification for 36 gold pieces
  4214 | D:4      | Noticed Eustachio
  4578 | D:3      | Learned a level 2 spell: Sticks to Snakes
  4917 | D:4      | Killed Eustachio
  5323 | D:5      | Entered Level 5 of the Dungeon
  5349 | D:5      | Got a twisted hand axe
  5356 | D:5      | Found a staircase to the Ecumenical Temple.
  5365 | Temple   | Entered the Ecumenical Temple
  5372 | Temple   | Became a worshipper of Warmaster Okawaru
  5559 | D:5      | Mangled by an ogre

Levels and vault maps discovered:
D:1:      wheals_arrival_shading, layout_loops_ring
D:2:      layout_loops_ring
D:3:      layout_basic, fiery_altar_vehumet, first_ration, led_sif_pool
D:4:      kennysheep_spiral_hall, layout_gridville, serial_shops,
          nicolae_shop_waterfront, minivault_11, grunt_decor_fettered,
          kennysheep_diamond, minmay_misc_feat_secret_circle, moated_statue,
          uniq_eustachio
D:5:      layout_loops_ring, minmay_temple_entry_wispy,
          biasface_ghost_orc_armoury
Temple:   compressed_dpeg_triangle_lava_temple

Skill      XL: |  1  2  3  4  5  6  7 |
---------------+----------------------+-----
Crossbows      | 3 4 5 6 |  6.2
Shields        | 1 2 3 4 |  4.1
Fighting       | 3 |  3.6
Dodging        | |  2.4
Spellcasting   | |  1.1
Hexes          | |  3.0

Action                   |  1- 3 |  4- 6 |  7- 9 || total
-------------------------+-------+-------+-------++-------
Melee: Hand axe          |     3 |    43 |       ||    46
       War axe           |       |       |     9 ||     9
 Fire: Hand crossbow     |    53 |    77 |    59 ||   189
 Cast: Corona            |     1 |     7 |     2 ||    10
       Sticks to Snakes  |       |       |     2 ||     2
  Use: Scroll            |       |     4 |       ||     4
       Potion            |       |     1 |       ||     1
  Eat: Chunk             |     9 |     5 |     5 ||    19
Armor: Robe              |     6 |     5 |       ||    11
       Leather armour    |       |     6 |    29 ||    35
Dodge: Dodged            |    20 |    69 |    70 ||   159
Block: Buckler           |     2 |    27 |    49 ||    78

Table legend:
 A = Non-vault XP
 B = Vault XP
 C = Vault XP percentage of total XP
 D = Non-vault monster count
 E = Vault monster count
 F = Vault count percentage of total count
                 A         B        C        D         E       F
            +---------+---------+-------+---------+---------+-------
      Total |     555 |     340 |  38.0 |      48 |       6 |  11.1
            +---------+---------+-------+---------+---------+-------
        D:1 |      22 |       0 |   0.0 |      11 |       0 |   0.0
        D:2 |      75 |       0 |   0.0 |      10 |       0 |   0.0
        D:3 |      71 |       0 |   0.0 |      17 |       0 |   0.0
        D:4 |     340 |     340 |  50.0 |       8 |       6 |  42.9
        D:5 |      47 |       0 |   0.0 |       2 |       0 |   0.0
            +---------+---------+-------+---------+---------+-------
